 Dungeon Crawl Stone Soup version 0.20.1-1-g8b1a95d (webtiles) character file.

1645 vishdafish the Poker (level 8, -5/48 HPs)
             Began as a Gargoyle Fighter on July 5, 2017.
             Slain by a two-headed ogre
             ... wielding a +0 giant club
              (8 damage)
             ... on level 8 of the Dungeon.
             The game lasted 00:08:19 (5140 turns).

vishdafish the Poker (Gargoyle Fighter)             Turns: 5140, Time: 00:08:22

Health: -5/48      AC: 24    Str: 25    XL:     8   Next: 99%
Magic:  8/8        EV:  7    Int:  9    God:
Gold:   387        SH: 10    Dex: 10    Spells: 7/7 levels left

rFire    . . .     SeeInvis .   a - +0 trident
rCold    . . .     Gourm    .   c - +0 shield
rNeg     + . .     Faith    .   J - +3 chain mail
rPois    ∞         Spirit   .   q - +2 helmet
rElec    +         Reflect  .   (no cloak)
rCorr    +         Harm     .   (no gloves)
MR       .....                  p - +1 pair of boots
Stlth    ..........             (no amulet)
Regen    0.2/turn               H - ring of resist corrosion
MPRegen  0.2/turn               t - +4 ring of strength

@: no status effects
A: negative energy resistance 1, electricity resistance, unbreathing,
petrification resistance, rot immunity, AC +5
a: no special abilities


You were on level 8 of the Dungeon.
You were not hungry.

You visited 2 branches of the dungeon, and saw 9 of its levels.

You collected 387 gold pieces.

Inventory:

Hand Weapons
 a - a +0 trident (weapon)
Armour
 c - a +0 shield (worn)
 p - a +1 pair of boots (worn)
 q - a +2 helmet (worn)
 J - a +3 chain mail (worn)
Jewellery
 j - a +2 ring of strength
 t - a +4 ring of strength (right hand)
 H - a ring of resist corrosion (left hand)
Wands
 z - a wand of random effects (29/48)
 A - a wand of confusion (35/48)
Scrolls
 e - a scroll of blinking {unknown}
 g - 4 scrolls of amnesia {unknown}
 k - 6 scrolls of remove curse
 n - 3 scrolls of magic mapping {unknown}
 s - 3 scrolls of fog {unknown}
 u - 2 scrolls of random uselessness {unknown}
 B - a scroll of noise {unknown}
 C - 6 scrolls of teleportation {unknown}
 E - a scroll of summoning {unknown}
Potions
 d - 3 potions of might
 h - 5 potions of curing
 l - a potion of degeneration
 m - 4 potions of brilliance
 o - a potion of berserk rage
 v - a potion of cancellation
 w - 2 potions of resistance {unknown}
 x - a potion of haste
 D - a potion of agility {unknown}
 F - a potion of heal wounds {unknown}
 I - a potion of lignification {unknown}
Books
 y - a book of Minor Magic

   Spells                             Type                      Level
   a - Magic Dart                     Conjuration                  1
   b - Blink                          Translocation                2
   c - Call Imp                       Summoning                    2
   d - Slow                           Hexes                        2
   e - Conjure Flame                  Conjuration/Fire             3
   f - Mephitic Cloud                 Conjuration/Poison/Air       3
Comestibles
 f - 8 bread rations
 i - 2 meat rations
 r - 7 fruits
 G - a royal jelly


   Skills:
 + Level 4.8 Fighting
 * Level 6.9 Polearms
 + Level 6.2 Armour
 - Level 2.0 Dodging
 - Level 2.0 Stealth
 + Level 6.1 Shields


You had 7 spell levels left.
You didn't know any spells.

Dungeon Overview and Level Annotations

Branches:
Dungeon (8/15)             Temple (1/1) D:4
   Lair: D:8-11

Altars:
Ashenzari
Cheibriados
Elyvilon
Fedhas
Gozag
Hepliaklqana
Kikubaaqudgha
Makhleb
Nemelex Xobeh
Okawaru
Qazlal
Ru
Sif Muna
Trog
Uskayaw
Vehumet
Xom
Yredelemnul
Zin
The Shining One

Shops:
D:5 [


Innate Abilities, Weirdness & Mutations

You are resistant to torment.
Your stone body is resilient. (AC +5)
You are immune to poison.
You resist negative energy. (rN+)
You are resistant to electric shocks. (rElec)
You can survive without breathing.
You are immune to petrification.
You are immune to rotting.


Message History

You are too injured to fight recklessly!
You are too injured to fight recklessly!
You are too injured to fight recklessly!
You block the two-headed ogre's attack. The two-headed ogre closely misses you.
The hound zombie bites you but does no damage.
You puncture the hound zombie!
The hound zombie is almost destroyed.
You block the hound zombie's attack.
The two-headed ogre completely misses you.
The two-headed ogre hits you but does no damage.
You hit the hound zombie.
The hound zombie is almost destroyed.
You block the hound zombie's attack.
You barely miss the hound zombie.
The hound zombie is almost destroyed.
The hound zombie bites you but does no damage.
The two-headed ogre hits you with a giant club!!
* * * LOW HITPOINT WARNING * * *
The two-headed ogre hits you with a giant club!
You die...

.......#######...##
..................#
....##.#.#####...##
...........# ##..#
......##.#.####..######
......##.#............##
......##...............#
.........######.##.##..#
................@..# .#
.....###.######Z#O.#
#.#### #.# ...#...# #.#
#.# #.....###.. #.. ..#
#..#.# #... ..## #.#
#...# #.## ..# .. ....
.# .. ##... # ## #.


You could see a two-headed ogre and a hound zombie.

Vanquished Creatures
  Pikel (D:5)
  A black bear (D:8)
  An ogre (D:7)
  3 bullfrogs
  A wyvern skeleton (D:7)
  3 howler monkeys (D:7)
  2 crimson imps
  2 orc priests (D:5)
  3 quasits
  A hound (D:6)
  A bullfrog skeleton (D:5)
  2 gnoll shamans
  An iguana (D:5)
  An orc wizard (D:5)
  A worker ant (D:4)
  A killer bee zombie (D:7)
  A hound skeleton (D:6)
  10 gnolls
  3 adders
  A shadow imp (D:6)
  2 oozes
  An adder skeleton (D:5)
  3 worms
  A dart slug (D:3)
  4 leopard geckos
  15 orcs
  A ball python (D:2)
  A bat (D:1)
  2 giant cockroaches
  5 goblins
  6 hobgoblins
  11 jackals
  4 kobolds
  A quokka (D:7)
  A ball python zombie (D:6)
  3 frilled lizards
  A quokka skeleton (D:4)
  7 rats
109 creatures vanquished.

Vanquished Creatures (others)
  A water moccasin (D:5)
  2 slaves (D:5)
  A worker ant (D:5)
  An orc (D:5)
  A giant cockroach (D:5)
6 creatures vanquished.

Grand Total: 115 creatures vanquished

Notes
Turn   | Place    | Note
-------+----------+-------------------------------------------
     0 | D:1      | vishdafish the Gargoyle Fighter began the quest for the Orb.
     0 | D:1      | Reached XP level 1. HP: 14/14 MP: 1/1
   173 | D:1      | Reached XP level 2. HP: 19/19 MP: 2/2
   503 | D:2      | Reached XP level 3. HP: 23/23 MP: 3/3
  1062 | D:3      | Reached XP level 4. HP: 29/29 MP: 4/4
  1492 | D:3      | Found a stormy altar of Qazlal.
  1525 | D:3      | Reached XP level 5. HP: 31/33 MP: 5/5
  2134 | D:4      | Found a staircase to the Ecumenical Temple.
  2149 | Temple   | Entered the Ecumenical Temple
  2364 | D:4      | Found an opulent altar of Gozag.
  2480 | D:4      | Found a shimmering altar of Xom.
  2768 | D:5      | Entered Level 5 of the Dungeon
  2768 | D:5      | Noticed a slave
  2770 | D:5      | Noticed a slave
  2771 | D:5      | Noticed Pikel
  2773 | D:5      | Noticed a slave
  2775 | D:5      | Noticed a slave
  2802 | D:5      | Killed Pikel
  2802 | D:5      | Reached skill level 5 in Polearms
  2802 | D:5      | Reached skill level 5 in Armour
  2802 | D:5      | Reached skill level 1 in Dodging
  2802 | D:5      | Reached skill level 1 in Stealth
  2802 | D:5      | Reached XP level 6. HP: 21/38 MP: 6/6
  2802 | D:5      | Reached XP level 7. HP: 24/43 MP: 7/7
  2990 | D:5      | Found Ozooq's Antique Armour Boutique.
  2994 | D:5      | Killed a freed slave
  2999 | D:5      | Found a shattered altar of Ashenzari.
  3619 | D:5      | Reached XP level 8. HP: 48/48 MP: 8/8
  3904 | D:6      | Reached skill level 5 in Shields
  4865 | D:7      | Found a glowing silver altar of Zin.
  5126 | D:8      | Noticed a two-headed ogre
  5140 | D:8      | Slain by a two-headed ogre

Skill      XL: |  1  2  3  4  5  6  7  8 |
---------------+-------------------------+-----
Polearms       | 2 3 5 6 |  6.9
Armour         | 4 5 6 |  6.2
Shields        | 4 6 |  6.1
Fighting       | 4 |  4.8
Dodging        | 1 2 |  2.0
Stealth        | 1 2 |  2.0

Action                   |  1- 3 |  4- 6 |  7- 9 || total
-------------------------+-------+-------+-------++-------
Melee: Trident           |   117 |   157 |   339 ||   613
  Use: Potion            |       |     1 |       ||     1
       Scroll            |       |       |     7 ||     7
  Eat: Chunk             |       |     2 |     3 ||     5
       Meat ration       |       |     1 |       ||     1
       Bread ration      |       |       |     1 ||     1
Armor: Scale mail        |    46 |   107 |   107 ||   260
       Chain mail        |       |       |   108 ||   108
Dodge: Dodged            |    35 |    49 |   100 ||   184
Block: Shield            |    48 |    63 |   170 ||   281
